 Dungeon Crawl Stone Soup version 0.28-a0-706-gf6f64a616a (webtiles) character file.

Game seed: 2340096818554556860

219 Crownlay the Chopper (level 5, 0/48 HPs)
             Began as a Hill Orc Fighter on Oct 24, 2021.
             Was a Believer of Elyvilon.
             Slain by a kobold brigand (5 damage)
             ... on level 3 of the Dungeon.
             The game lasted 00:05:02 (3289 turns).

Crownlay the Chopper (Hill Orc Fighter)             Turns: 3289, Time: 00:05:02

Health: 0/48       AC:  8    Str: 18 (20) XL:     5   Next: 96%
Magic:  2/4        EV: 10    Int:  8      God:    Elyvilon [**....]
Gold:   58         SH:  4    Dex:  8 (10) Spells: 4/4 levels left

rFire   . . .      SeeInvis .   a - +0 war axe
rCold   . . .      Faith    .   c - +0 buckler
rNeg    . . .      Spirit   .   b - +0 scale mail
rPois   .          Reflect  .   (no helmet)
rElec   .          Harm     .   e - +0 cloak
rCorr   .          Rampage  .   (no gloves)
Will    .....                   (no boots)
Stlth   ..........              (no amulet)
HPRegen 0.16/turn               k - ring of flight
MPRegen 0.09/turn               (no ring)

@: flying
A: low mp 1, sturdy frame 1
a: Renounce Religion, Lesser Healing, Heal Other, Divine Protection


You were on level 3 of the Dungeon.
You worshipped Elyvilon.
Elyvilon was pleased with you.
You visited 1 branch of the dungeon, and saw 3 of its levels.

You collected 58 gold pieces.

Inventory:

Hand Weapons
 a - a +0 war axe (weapon)
Armour
 b - a +0 scale mail (worn)
 c - a +0 buckler (worn)
 e - a +0 cloak (worn)
 g - a +0 kite shield
Jewellery
 k - a ring of flight (left hand)
Scrolls
 f - a scroll of enchant weapon {unknown}
 h - 2 scrolls of identify {unknown}
Potions
 d - 2 potions of might
 i - a potion of invisibility {unknown}
 j - a potion of berserk rage {unknown}
 l - 2 potions of brilliance {unknown}


   Skills:
 + Level 5.2 Fighting
 * Level 6.1 Axes
 - Level 3.2 Armour
 - Level 4.0 Shields
 + Level 0.5 Invocations


You had 4 spell levels left.
You didn't know any spells.
Your spell library was empty.

Dungeon Overview and Level Annotations

Branches:
Dungeon (3/15)

Altars:
Elyvilon


Innate Abilities, Weirdness & Mutations

Your magical capacity is low. (-10% MP)
Your movements are slightly less encumbered by armour. (ER -2)


Message History

You hit the kobold brigand.
The kobold brigand is almost dead.
The goblin shoots a sling bullet.
The sling bullet completely misses you.
The kobold brigand hits you but does no damage.
You hit the kobold brigand but do no damage.
The kobold brigand is almost dead.
The goblin shoots a sling bullet.
The sling bullet hits you.
The kobold brigand completely misses you.
You closely miss the kobold brigand.
The kobold brigand is almost dead.
The kobold brigand hits you with a +0 short sword.
The goblin unwields a +0 hunting sling.
The goblin wields a +0 club.
The goblin hits you with a +0 club.
* * * LOW HITPOINT WARNING * * *
You barely miss the kobold brigand.
The kobold brigand is almost dead.
You closely miss the goblin.
The kobold brigand hits you with a +0 short sword.
* * * LOW HITPOINT WARNING * * *
The kobold brigand closely misses you. The goblin hits you with a +0 club.
* * * LOW HITPOINT WARNING * * *
Okay, then.
You are healed.
The kobold brigand barely misses you. The goblin hits you but does no damage.
You barely miss the kobold brigand.
The kobold brigand is almost dead.
You hit the goblin.
You kill the goblin!
The kobold brigand hits you with a +0 short sword.
* * * LOW HITPOINT WARNING * * *
You are healed.
The kobold brigand hits you with a +0 short sword.
* * * LOW HITPOINT WARNING * * *
Your scale mail prevents you from hitting the kobold brigand.
The kobold brigand is almost dead.
The kobold brigand closely misses you.
You closely miss the kobold brigand.
The kobold brigand is almost dead.
The kobold brigand hits you with a +0 short sword.
You die...

#. #......<..####
#.#.........#
#...........#
.#.##........#
.............##
..##.#..........#
# ..
#.##..######...#
....###....†.....#
......)@####..####
.......K........#
......^..<#####.#
..........# #
..........#
...........
............
#........##..


You could see a kobold brigand.

Vanquished Creatures
  A phantom (D:2)
  Jessica (D:2)
  4 gnolls
  An adder (D:2)
  4 worms
  A dart slug (D:1)
  An orc (D:2)
  5 ball pythons
  An endoplasm (D:2)
  A giant cockroach (D:1)
  8 goblins
  5 hobgoblins
  4 jackals (D:1)
  4 quokkas
  8 bats
  5 frilled lizards
  4 kobolds
  3 rats
61 creatures vanquished.

Notes
Turn   | Place    | Note
-------+----------+-------------------------------------------
     0 | D:1      | Crownlay the Hill Orc Fighter began the quest for the Orb.
     0 | D:1      | Reached XP level 1. HP: 19/19 MP: 1/1
    34 | D:1      | Found a faded altar of an unknown god.
    50 | D:1      | Prayed at the altar of an unknown god.
    50 | D:1      | Became a worshipper of Elyvilon the Healer
    50 | D:1      | Reached * piety under Elyvilon
   153 | D:1      | Reached skill level 3 in Axes
   159 | D:1      | Reached XP level 2. HP: 19/27 MP: 2/2
   749 | D:1      | Reached XP level 3. HP: 26/33 MP: 3/3
  1278 | D:2      | Noticed a phantom
  1292 | D:2      | Killed a phantom
  1293 | D:2      | Reached skill level 4 in Axes
  1293 | D:2      | Reached XP level 4. HP: 12/41 MP: 4/4
  1298 | D:2      | Elyvilon protects you from harm!
  1299 | D:2      | HP: 2/41 [poisoned by an adder]
  1300 | D:2      | Gained mutation: Your magical capacity is low. (-10% MP)
                  | [potion of mutation]
  1300 | D:2      | Gained mutation: Your movements are slightly less
                  | encumbered by armour. (ER -2) [potion of mutation]
  1303 | D:2      | Reached skill level 5 in Axes
  1636 | D:2      | Reached ** piety under Elyvilon
  1670 | D:2      | Reached XP level 5. HP: 42/47 MP: 4/4
  1766 | D:2      | HP: 1/47 [gnoll (2)]
  2469 | D:2      | Reached skill level 5 in Fighting
  2847 | D:2      | Noticed Jessica
  2860 | D:2      | Killed Jessica
  2987 | D:2      | Reached skill level 6 in Axes
  3271 | D:3      | Noticed a kobold brigand
  3289 | D:3      | Slain by a kobold brigand

Illustrated notes

Levels and vault maps discovered:
D:1:      lightli_molten_gateway, layout_loops_corners, basic_ecumenical_altar
D:2:      layout_loops_corners, minmay_pentomino_x2, uniq_jessica
D:3:      layout_rooms, lemuel_round_altar, nicolae_overflow_crystal_walls,
          kennysheep_generic_room_6

Skill      XL: |  1  2  3  4  5 |
---------------+----------------+-----
Axes           | 3 4 5 6 |  6.1
Fighting       | 4 5 |  5.2
Shields        | 4 |  4.0
Armour         | |  3.2
Invocations    | |  0.5

Action                   |  1- 3 |  4- 6 || total
-------------------------+-------+-------++-------
Melee: War axe           |    98 |   128 ||   226
Invok: Lesser Healing    |       |     2 ||     2
  Use: Potion            |       |     3 ||     3
Armor: Scale mail        |    89 |    60 ||   149
Dodge: Dodged            |    72 |    71 ||   143
Block: Buckler           |    24 |    31 ||    55

Table legend: (Time is in decaauts)
 A = Elapsed time spent in this place.
 B = Non-inter-level travel time spent in this place.
 C = Inter-level travel time spent in this place.
 D = Time resting spent in this place.
 E = Time spent auto-exploring this place.
 F = Levels seen in this place.
 G = Mean time per level.
                   A        B        C        D        E       F      G
               +--------+--------+--------+--------+--------+-----+--------+
         Total |   3352 |   3306 |     46 |      0 |   2674 |   3 | 1117.3 |
       Dungeon |   3352 |   3306 |     46 |      0 |   2674 |   3 | 1117.3 |
               +--------+--------+--------+--------+--------+-----+--------+

Top non-repeatable levels by time:
     D:1: 1761 daAuts
     D:2: 1451 daAuts
     D:3: 139 daAuts
